 Dungeon Crawl Stone Soup version 0.17-a0-2093-gc772f4b (webtiles) character file.

542 ololoev the Conjurer (level 7, 46/46 HPs)
             Began as a Demonspawn Fire Elementalist on Oct 16, 2015.
             Was an Initiate of Vehumet.
             Quit the game on level 5 of the Dungeon.
             The game lasted 00:13:43 (5088 turns).

ololoev the Conjurer (Demonspawn Fire Elementalist) Turns: 5088, Time: 00:13:43

Health: 46/46      AC: 10    Str:  9    XL:     7   Next: 6%
Magic:  12/12      EV: 12    Int: 21    God:    Vehumet [......]
Gold:   207        SH:  0    Dex: 13    Spells: 3 memorised, 5 levels left

rFire  + . .     SeeInvis .     b - +8 greatsling of Afiusoh {freeze, Int+3}
rCold  x . .     Clarity  .     u - +0 robe
rNeg   . . .     SustAt   .     (no shield)
rPois  .         Gourm    .     h - +1 helmet
rElec  .         Spirit   .     x - +0 cloak
rCorr  .         Warding  .     (no gloves)
rMut   .         Stasis   .     (no boots)
MR     .....                    (no amulet)
Stlth  +++.......               p - +5 ring of protection
                                m - ring of fire

@: not resistant to hostile enchantments, fairly stealthy
A: nightstalker 1, powered by death 1
a: Renounce Religion


Innate Abilities, Weirdness & Mutations

You are slightly more attuned to the shadows.
You regenerate a little health from kills.

Inventory:

Hand Weapons
 a - a +3 dagger of venom
 b - the +8 greatsling of Afiusoh (weapon) {freeze, Int+3}
   (You found it on level 5 of the Dungeon)

   It causes projectiles fired from it to freeze those they strike, causing
   extra injury to most foes and up to half again as much damage against
   particularly susceptible opponents.
   They can also slow down cold-blooded creatures.
   It affects your intelligence (+3).
Armour
 h - a +1 helmet (worn)
 u - a +0 robe (worn)
 x - a +0 cloak (worn)
Jewellery
 m - a ring of fire (left hand)
 p - a +5 ring of protection (right hand)
Wands
 o - a wand of digging (6)
 s - a wand of slowing (12)
Scrolls
 d - 6 scrolls of identify {unknown}
 e - a scroll of blinking {unknown}
 f - a scroll of enchant weapon {unknown}
 k - a scroll of fear {unknown}
 l - 2 scrolls of remove curse {unknown}
 q - a scroll of enchant armour {unknown}
 w - a scroll of fog {unknown}
Potions
 g - 5 potions of curing {unknown}
 i - 4 potions of degeneration {unknown}
 n - 3 potions of agility {unknown}
 r - a potion of might {unknown}
 t - a potion of poison {unknown}
 v - 2 potions of brilliance {unknown}
Books
 y - a book of Flames

   Spells                             Type                      Level
   a - Flame Tongue                   Conjuration/Fire             1
   b - Throw Flame                    Conjuration/Fire             2
   c - Conjure Flame                  Conjuration/Fire             3
   d - Inner Flame                    Hexes/Fire                   3
   e - Sticky Flame                   Conjuration/Fire             4
   f - Fireball                       Conjuration/Fire             5
Comestibles
 c - 4 bread rations
 j - a meat ration
 z - 4 chunks of flesh


   Skills:
 - Level 1.7 Dodging
 - Level 1.7 Stealth
 + Level 3.8 Spellcasting
 * Level 5.2 Conjurations
 + Level 4.3 Fire Magic


You had 5 spell levels left.
You knew the following spells:

 Your Spells              Type           Power        Failure   Level  Hunger
a - Flame Tongue          Conj/Fire      #####        1%          1    None
b - Conjure Flame         Conj/Fire      #####...     6%          3    ###....
c - Sticky Flame          Conj/Fire      #####...     21%         4    ####...


You were on level 5 of the Dungeon.
You worshipped Vehumet.
Vehumet was noncommittal.
You were not hungry.

You visited 2 branches of the dungeon, and saw 6 of its levels.

You collected 207 gold pieces.

##.## #..# #.# #...
#.# #...# . #####)##
#...#.# ........##
.. ..
######...######.#
...### #.#........#
......###...########
........@.###
O.....##### ...###
..

Notes
Turn   | Place    | Note
--------------------------------------------------------------
     0 | D:1      | ololoev the Demonspawn Fire Elementalist began the quest for the Orb.
     0 | D:1      | Reached XP level 1. HP: 13/13 MP: 3/3
   562 | D:1      | Gained mutation: You are slightly more attuned to the shadows. [demonic ancestry]
   562 | D:1      | Reached XP level 2. HP: 16/19 MP: 0/5
   825 | D:1      | Reached skill level 3 in Fire Magic
  1558 | D:2      | Reached XP level 3. HP: 24/24 MP: 3/6
  1828 | D:2      | Noticed Robin
  1870 | D:2      | Killed Robin
  2386 | D:2      | Learned a level 3 spell: Conjure Flame
  2392 | D:2      | Reached XP level 4. HP: 30/30 MP: 4/7
  2438 | D:2      | Found a blossoming altar of Fedhas.
  2785 | D:3      | Reached XP level 5. HP: 33/35 MP: 1/9
  3348 | D:3      | Noticed Crazy Yiuf
  3358 | D:3      | Killed Crazy Yiuf
  3703 | D:4      | Noticed an ogre
  3720 | D:4      | Killed an ogre
  3720 | D:4      | Reached skill level 4 in Conjurations
  3720 | D:4      | Reached XP level 6. HP: 41/41 MP: 4/10
  4017 | D:4      | Found a staircase to the Ecumenical Temple.
  4030 | Temple   | Entered the Ecumenical Temple
  4279 | Temple   | Became a worshipper of Vehumet
  4344 | D:4      | Learned a level 4 spell: Sticky Flame
  4551 | D:4      | Found a deep blue altar of Sif Muna.
  4566 | D:4      | Reached skill level 5 in Conjurations
  4876 | D:5      | Entered Level 5 of the Dungeon
  4892 | D:5      | Found Vytsim's Jewellery Boutique.
  4941 | D:5      | Gained mutation: You regenerate a little health from kills. [demonic ancestry]
  4941 | D:5      | Reached XP level 7. HP: 35/46 MP: 8/12
  5078 | D:5      | Got a steaming greatsling
  5079 | D:5      | Identified the +8 greatsling of Afiusoh {freeze, Int+3} (You found it on level 5 of the Dungeon)
  5088 | D:5      | Quit the game

Dungeon Overview and Level Annotations

Branches:
Dungeon (5/15)             Temple (1/1) D:4

Altars:
Dithmenos
Fedhas
Kikubaaqudgha
Makhleb
Okawaru
Qazlal
Sif Muna
Trog
Vehumet
Yredelemnul
Zin

Shops:
D:5 =


Message History

You see here 31 sling bullets.
p - a glass ring You see here 10 arrows.
An orc comes into view. It is wielding a short sword.
Put on which piece of jewellery? (? for menu, Esc to quit)
You don't have any such object.
Put on which piece of jewellery? (? for menu, Esc to quit)
p - a +5 ring of protection (right hand)
The orc shouts!
Casting: Flame Tongue
Confirm with . or Enter, or press ? or * to list all spells.
Aiming: Flame Tongue
Press: ? - help, Shift-Dir - straight line, f - orc
Aim: an orc, wielding a short sword and wearing a leather armour You feel a surge of power!
The flame tongue hits the orc.
You kill the orc!
Vehumet accepts your kill.
Things that are here:
a short sword; a leather armour; an orc corpse You butcher the orc corpse.
z - 4 chunks of flesh
Things that are here:
a short sword; a leather armour
Found a steaming greatsling.
Magic restored.
You feel less regenerative.
An ogre comes into view. It is wielding a giant club.
You see here a steaming greatsling.
y - a steaming greatsling Unknown command.
Wield which item (- for none, * to show all)? (? for menu, Esc to quit)
Your +3 dagger of venom stops dripping with poison.
You feel clever.
It is covered in frost.
y - the +8 greatsling of Afiusoh (weapon)
{freeze, Int+3}
Okay, then.
b - the +8 greatsling of Afiusoh (weapon)
{freeze, Int+3}
y - a book of Flames
a - a +3 dagger of venom;
u - a +0 robe (worn)
Are you sure you want to abandon this character and quit the game? (Confirm with "yes".)

There were no monsters in sight!

Vanquished Creatures
  An ogre (D:4)
  A scorpion (D:5)
  Crazy Yiuf (D:3)
  A giant frog skeleton (D:4)
  A hound (D:4)
  4 orc wizards
  A worker ant (D:4)
  Robin (D:2)
  3 gnolls (D:3)
  6 adders
  A worm (D:3)
  6 giant geckos
  6 orcs
  2 ball pythons (D:2)
  7 bats
  3 giant cockroaches
  12 hobgoblins
  6 jackals
  11 kobolds
  2 quokkas
  6 giant newts
  15 goblins
  5 rats
102 creatures vanquished.

Vanquished Creatures (others)
  A plant (D:1)
1 creature vanquished.

Grand Total: 103 creatures vanquished

Action                   |  1- 3 |  4- 6 |  7- 9 || total
-------------------------+-------+-------+-------++-------
Melee: Whip              |    67 |       |       ||    67
       Unarmed           |     1 |       |       ||     1
       Dagger            |    26 |    69 |       ||    95
 Cast: Flame Tongue      |    61 |    69 |     1 ||   131
       Conjure Flame     |       |     1 |       ||     1
Evoke: Wand              |       |     3 |       ||     3
 Stab: Sleeping          |     2 |     5 |       ||     7
       Distracted        |     1 |       |       ||     1
  Eat: Chunk             |     5 |     8 |     1 ||    14

Vault maps used:
D:1:      minmay_arrival_jagged, minivault_14, lexackson_kobold_supper
D:2:      lemuel_crystal_altar, uniq_robin
D:3:      uniq_crazy_yiuf_cottage
D:4:      led_sif_book, minmay_temple_entry_hall, first_bread,
          hangedman_minor_gate_pass
D:5:      nicolae_ru_path_of_blood, serial_shops, kennysheep_mini
Temple:   minmay_temple_forest_path_12
